 Dungeon Crawl Stone Soup version 0.29-a0-789-g7a8fcbc185 (webtiles) character file.

Game seed: 626809128851367133

290101 marklar909 the Bludgeoner (level 19, -1/174 HPs)
             Began as a Palentonga Fighter on July 2, 2022.
             Was an Initiate of Gozag.
             Killed from afar by a ghostly deep elf high priest (12 damage)
             ... with damnation
             ... on level 3 of the Elven Halls on July 3, 2022.
             The game lasted 03:20:24 (50898 turns).

marklar909 the Bludgeoner (Palentonga Fighter)     Turns: 50898, Time: 03:20:24

Health: -1/174     AC: 44    Str: 26    XL:     19   Next: 93%
Magic:  19/19      EV:  7    Int:  8    God:    Gozag
Gold:   2748       SH: 19    Dex: 15    Spells: 18/18 levels left

rFire   + . .      SeeInvis +   I - +8 flail "Tett" {speed, Will+ SInv}
rCold   . . .      Faith    .   b - +1 kite shield {rN+}
rNeg    + . .      Spirit   .   t - +8 plate armour of Words of Power {rElec}
rPois   .          Reflect  +   y - +1 hat {Stlth+}
rElec   +          Harm     .   U - +2 cloak {rCorr}
rCorr   +          Rampage  .   m - +2 pair of gloves {Str+3}
Will    +++..                   N - +1 barding
Stlth   ..........              H - amulet of reflection
HPRegen 0.39/turn               f - ring of willpower
MPRegen 0.16/turn               M - ring of protection from fire

@: studying Ranged Weapons, curled up
A: large, rugged brown scales 3, see invisible, deformed body, roll 1, armoured
tail, reflexive curl
}: 2/15 runes: decaying, serpentine
a: Rolling Charge, Renounce Religion, Potion Petition, Call Merchant, Bribe
Branch


You were on level 3 of the Elven Halls.
You worshipped Gozag.
Gozag was most pleased with you.
You visited 7 branches of the dungeon, and saw 35 of its levels.
You also visited: Desolation.

You collected 15729 gold pieces.
You spent 5020 gold pieces at shops.
You paid 7961 gold pieces to Gozag.

Inventory:

Hand Weapons
 v - a +8 eveningstar of venom
 I - the +8 flail "Tett" (weapon) {speed, Will+ SInv}
   (You found it on level 12 of the Dungeon)

   Attacks with this weapon are significantly faster.
   SInv:      It lets you see invisible.
   Will:      It increases your willpower.
Armour
 b - a +1 kite shield of positive energy (worn)
 l - a +0 cloak of willpower
 m - a +2 pair of gloves of strength (worn)
 t - the +8 plate armour of Words of Power (worn) {rElec}
   (You bought it in a shop on level 15 of the Dungeon)

   rElec:     It insulates you from electricity.
 y - a +1 hat of stealth (worn)
 N - a +1 barding (worn)
 U - a +2 cloak of preservation (worn)
 Z - the +3 ring mail "Wicwoah" {Rampage rN+++ Dex+4 Slay-2}
   (You found it in the Desolation of Salt)

   Dex:       It affects your dexterity (+4).
   Slay:      It affects your accuracy & damage with ranged weapons and melee
   (-2).
   rN:        It renders you almost immune to negative energy.
   Rampage:   It bestows one free step when moving towards enemies.
Jewellery
 f - a ring of willpower (left hand)
 u - the ring of the Mage {Wiz Archmagi}
   (You took it off a deep elf annihilator on level 3 of the Elven Halls)

   [ring of wizardry]

   It improves your spell success rate.
   Archmagi:  It increases the power of your magical spells.
 H - an amulet of reflection (around neck)
 M - a ring of protection from fire (right hand)
Wands
 c - a wand of paralysis (20)
 j - a wand of quicksilver (10)
 q - a wand of mindburst (15)
 O - a wand of roots (13)
 R - a wand of digging (10)
Scrolls
 d - a scroll of amnesia
 e - 2 scrolls of fear
 k - 6 scrolls of immolation
 n - 10 scrolls of fog
 o - 10 scrolls of vulnerability
 r - a scroll of silence
 z - 7 scrolls of poison
 B - 5 scrolls of teleportation
 P - a scroll of magic mapping
 S - 8 scrolls of blinking
Potions
 a - 3 potions of cancellation
 g - 6 potions of mutation
 h - 11 potions of curing
 i - 3 potions of heal wounds
 p - 3 potions of brilliance
 s - 5 potions of flight
 A - a potion of invisibility
 C - 3 potions of magic
 F - 8 potions of lignification
 G - 9 potions of ambrosia
 J - 2 potions of resistance
 Q - 2 potions of berserk rage
Miscellaneous
 w - a lightning rod (4/4)


   Skills:
 + Level 18.3 Fighting
 + Level 18.7 Maces & Flails
 * Level 5.2 Ranged Weapons
 + Level 12.7 Armour
 + Level 10.7 Dodging
 + Level 6.3 Stealth
 + Level 15.1 Shields
 + Level 5.2 Evocations


You had 18 spell levels left.
You didn't know any spells.
Your spell library contained the following spells:

 Spells                   Type           Power      Damage    Failure   Level
 Apportation              Tloc           0%         N/A       99%         1
 Foxfire                  Conj/Fire      0%         2x1d4     99%         1
 Freeze                   Ice            0%         1d3       99%         1
 Magic Dart               Conj           0%         1d3       99%         1
 Shock                    Conj/Air       0%         1d3       99%         1
 Poisonous Vapours        Pois/Air       0%         N/A       100%        2
 Searing Ray              Conj           0%         2d4       100%        2
 Static Discharge         Conj/Air       0%         3-3/arc   100%        2
 Conjure Flame            Conj/Fire      0%         6-21      100%        3
 Frozen Ramparts          Ice            0%         1d2       100%        3
 Gell's Gravitas          Tloc           0%         N/A       100%        3
 Ignite Poison            Fire/Tmut/Pois 0%         N/A       100%        3
 Portal Projectile        Hex/Tloc       0%         N/A       100%        3
 Teleport Other           Tloc           0%         N/A       100%        3
 Tukima's Dance           Hex            0%         N/A       100%        3
 Airstrike                Air            0%         0-1+      100%        4
 Dispel Undead            Necr           0%         3d6       100%        4
 Fulminant Prism          Conj/Hex       0%         3d6       100%        4
 Hailstorm                Conj/Ice       0%         3d3       100%        4
 Iskenderun's Mystic Bla  Conj/Tloc      0%         2d3       100%        4
 Leda's Liquefaction      Hex/Erth       0%         N/A       100%        4
 Sticky Flame             Conj/Fire      0%         2d3       100%        4
 Summon Lightning Spire   Summ/Air       0%         N/A       100%        4
 Agony                    Necr           0%         N/A       100%        5
 Alistair's Intoxication  Tmut/Pois      0%         N/A       100%        5
 Blade Hands              Tmut           0%         N/A       100%        5
 Lee's Rapid Deconstruct  Erth           0%         3d5*      100%        5
 Lightning Bolt           Conj/Air       0%         1d11      100%        5
 Death Channel            Necr           0%         N/A       100%        6
 Dispersal                Tloc           0%         N/A       100%        6
 Statue Form              Tmut/Erth      0%         N/A       100%        6
 Haunt                    Necr/Summ      0%         N/A       100%        7
 Infestation              Necr           0%         N/A       100%        8
 Fire Storm               Conj/Fire      0%         5d1       100%        9
 Animate Dead             Necr           Unusable   N/A       N/A         4
 Corpse Rot               Necr/Pois/Air  Unusable   N/A       N/A         4

Dungeon Overview and Level Annotations

Branches:
Dungeon (15/15)            Temple (1/1) D:4            Lair (6/6) D:11
  Swamp (4/4) Lair:4        Snake (4/4) Lair:3        Slime (0/5) Lair:6
    Orc (2/2) D:12            Elf (3/3) Orc:2        Vaults (0/5) D:14
 Depths (0/4) D:15        Desolation (visited)

Altars:
Ashenzari
Cheibriados
Dithmenos
Elyvilon
Fedhas
Gozag
Hepliaklqana
Kikubaaqudgha
Makhleb
Nemelex Xobeh
Okawaru
Qazlal
Ru
Sif Muna
Trog
Uskayaw
Vehumet
Wu Jian
Xom
Yredelemnul
Zin
The Shining One
Jiyva

Shops:
D:1 =   D:12 *   D:15 *[*(   Orc:1 ?   Orc:2 (=*!   Elf:1 (   Elf:3 (
Snake:4 =::

Annotations:
Lair:6 1 runed translucent door, zhov's ghost, journeyman FoFi
Elf:1 2 transporters, Zonian's ghost, adept VSNe
Elf:2 3 runed translucent doors


Innate Abilities, Weirdness & Mutations

You are completely covered in rugged brown scales. (AC +3, +7% HP)
You have supernaturally acute eyesight. (SInv)
Armour fits poorly on your strangely shaped body.
You can roll at nearby foes to attack.
You have a long armoured tail.
You curl defensively after being hit. (AC +7*)


Message History

The lost soul assumes the form of the deep elf high priest and becomes anchored to this world!
The deep elf death mage hits you but does no damage.
The ghostly deep elf high priest hits you with a +0 vorpal broad axe.
You thump the ghostly deep elf high priest!
You tail-slap the ghostly deep elf high priest.
The ghostly deep elf high priest is moderately damaged.
The deep elf high priest is no longer giving off an aura.
The deep elf high priest hits you but does no damage.
Unknown command.
The deep elf high priest attacks as you move away!
The deep elf high priest hits you but does no damage.
The deep elf pyromancer is empowered by the ghostly deep elf high priest's aura!
The deep elf high priest utters a dark prayer and points at you.
Your life force is offered up.
The ghostly deep elf high priest is healed.
There is a large open door here.
The deep elf pyromancer casts a spell.
The ghostly deep elf high priest invokes the aid of its god against you.
The sphere of damnation explodes!
The damnation engulfs you!!!
* * * LOW HITPOINT WARNING * * *
The deep elf pyromancer mumbles some strange words.
The ghostly deep elf high priest mumbles some strange prayers to its god against you.
Something smites you!
* * * LOW HITPOINT WARNING * * *
Okay, then.
As you read the scroll of fear, it crumbles to dust.
You assume a fearsome visage.
The fire elemental is unaffected.
The deep elf death mage resists with almost no effort.
The fire elemental is unaffected.
The ghostly deep elf high priest is unaffected.
The deep elf high priest looks frightened!
The deep elf pyromancer looks frightened!
The fire elemental disappears in a puff of smoke!
The deep elf pyromancer gives up.
The deep elf pyromancer gestures wildly while chanting.
The deep elf pyromancer blinks!
The ghostly deep elf high priest mumbles some strange prayers to its god against you.
The sphere of damnation explodes!
The damnation engulfs you!
You die...
Your body crumbles into a pile of gold.

**#.#e.#.#** ##...## #####+
##.#.$#.# #...## #...#.
#....§..##########....# #.<.#.
##.....##.##..........# #.).#.
#.).####.##..........# ##.)##.
#.[)☼.☼§e§'..##.#....# #...#..
#.)..○$Eee'.e#..###..#
##)..##.
##[.#.##.##....8..##.#
#...####
#)##.##.##..#@....#####.|.# #
#.##.##.###.###....###...##
#.##.##.# #..)###.......##
#.##.##.# #.''# #...8)..#
#[##.##.# ##..# #.......###
#.)))...####..###.8...8.#.####
####..).........#..)....#..'..
#.#######....#...8...#.##.#
#.# #..###.......####..


You could see a deep elf death mage (empowered), a deep elf high priest
(fleeing), a ghostly deep elf high priest (brilliance aura), a deep elf
pyromancer (empowered, fleeing) and a fire elemental (summoned).

Vanquished Creatures
  Mara (Snake:4)
  Bai Suzhen (Swamp:3)
  A tentacled monstrosity (Swamp:3)
  Jorgrun (D:12)
  Rupert (D:13)
  A deep elf master archer (Elf:3)
  2 quicksilver dragons (Snake:4)
  2 deep elf blademasters (Elf:3)
  Agnes (Snake:4)
  Gastronok (D:10)
  Kirke (Swamp:4)
  A nagaraja (Snake:4)
  Donald (Snake:4)
  Aizul (Snake:3)
  6 deep elf sorcerers
  Louise (D:14)
  Roxanne (Snake:3)
  2 imperial myrmidons (Desolation)
  An orc warlord (Orc:1)
  2 ghouls (Swamp:4)
  2 deep elf elementalists (Elf:3)
  4 deep elf demonologists (Elf:3)
  8 deep elf annihilators
  6 eleionomae
  4 bunyips
  2 halazid warlocks (Desolation)
  Azrael (D:15)
  A deep elf death mage (Elf:3)
  Snorg (Orc:1)
  3 ragged hierophants
  3 shambling mangroves
  2 crystal guardians (Desolation)
  3 deep elf high priests
  A vault guard (D:14)
  Fannar (D:11)
  2 salamander tyrants (Snake:4)
  7 servants of whispers
  3 boulder beetles
  Erolcha (D:11)
  9 peacekeepers (Desolation)
  2 ogre magi (D:15)
  4 ghost crabs
  32 hydras
  A spriggan air mage (Swamp:3)
  3 centaur warriors
  3 catoblepae (Lair:6)
  13 alligators
  A tengu warrior (D:13)
  6 two-headed ogres
  8 anacondas
  9 naga warriors
  4 orc high priests
  6 shock serpents
  15 death yaks
  Sonja (Lair:6)
  16 naga sharpshooters
  6 deep elf knights
  Amaemon (D:9)
  9 skeletal warriors
  A salamander mystic (Snake:2)
  Lodul (D:13)
  5 goliath frogs
  3 deep trolls (D:15)
  6 spriggan druids
  2 bog bodies
  8 swamp dragons
  7 deep elf archers
  An ironbound convoker (Desolation)
  8 orc knights
  Pikel (D:7)
  12 naga ritualists
  22 deep elf pyromancers
  14 deep elf zephyrmancers
  13 mana vipers
  A necromancer (D:15)
  4 will-o-the-wisps
  5 orc sorcerers
  15 ugly things
  A faun (shapeshifter) (Elf:3)
  10 salamanders
  6 cyclopes
  2 manticores (Lair:6)
  5 guardian serpents
  69 black mambas
  19 elephants
  9 naga magi
  An orange demon (D:9)
  A torpor snail (Lair:5)
  4 centaur zombies (D:8)
  A cane toad (shapeshifter) (D:15)
  A molten gargoyle (Desolation)
  3 unseen horrors
  3 centaur skeletons (D:8)
  10 cane toads
  2 rime drakes
  A freezing wraith (D:14)
  3 kobold demonologists
  An efreet (D:14)
  9 komodo dragons
  2 tengu conjurers (D:14)
  2 hellwings (D:8)
  4 polar bears
  9 trolls
  3 meliai (D:14)
  A queen bee (D:11)
  14 tyrant leeches
  12 hornets
  37 saltlings
  Prince Ribbit (D:7)
  8 slime creatures
  7 dream sheep (Lair:4)
  2 air elementals
  2 shadows (D:11)
  2 wraiths
  8 spriggans
  72 yaks
  2 vampires
  A water elemental (Elf:3)
  3 wyverns
  A basilisk (shapeshifter) (D:15)
  4 basilisks
  3 hogs (Swamp:4)
  5 fire elementals
  25 vampire mosquitoes
  2 wargs
  4 steam dragons
  13 swamp worms
  39 nagas
  2 acid dragons
  19 water moccasins
  A hell hound (D:14)
  10 swamp drakes
  A sky beast (D:7)
  21 orc warriors
  4 black bears
  2 ice beasts
  16 ogres
  20 wolves
  9 centaurs
  2 lemures (D:7)
  2 phantoms (D:4)
  2 earth elementals (Elf:2)
  6 kobold brigands
  A necrophage (Swamp:4)
  19 bullfrogs
  A gnoll sergeant (D:9)
  9 scorpions
  2 wights (D:8)
  34 killer bees
  2 electric eels
  4 howler monkeys
  19 orc priests
  5 jellies
  2 boudas
  Crazy Yiuf (D:7)
  4 iguanas
  23 orc wizards
  15 gnolls
  10 adders
  3 shadow imps (D:8)
  2 white imps
  3 ufetubi
  A worm (D:3)
  A dart slug (D:4)
  70 orcs
  6 endoplasms
  A giant cockroach (D:3)
  6 goblins
  5 hobgoblins
  7 jackals
  19 kobolds
  A quokka (D:3)
  4 ball pythons
  6 bats
  6 frilled lizards
  5 rats
  A butterfly (Lair:5)
1226 creatures vanquished.

Vanquished Creatures (collateral kills)
  A salamander tyrant (Snake:4)
  A mana viper (Snake:4)
  A guardian serpent (Snake:4)
3 creatures vanquished.

Vanquished Creatures (others)
  An ettin (D:15)
  A hydra (Swamp:2)
  11 dancing weapons
  A deep elf knight (Elf:3)
  A deep elf zephyrmancer (Elf:1)
  2 ugly things (D:14)
  3 bloated husks
  A fire elemental (D:15)
  A spriggan (Swamp:3)
  A swamp worm (Swamp:1)
  A kobold (D:11)
  31 foxfires
  41 fungi
  70 plants
166 creatures vanquished.

Grand Total: 1395 creatures vanquished

Notes
Turn   | Place    | Note
-------+----------+-------------------------------------------
     0 | D:1      | marklar909 the Palentonga Fighter began the quest for the
                  | Orb.
     0 | D:1      | Reached XP level 1. HP: 19/19 MP: 1/1
   218 | D:1      | Reached XP level 2. HP: 15/25 MP: 2/2
   436 | D:1      | Found a faded altar of an unknown god.
   620 | D:1      | Found Voriral's Jewellery Shop.
   681 | D:1      | Reached XP level 3. HP: 24/31 MP: 3/3
  2083 | D:3      | Reached XP level 4. HP: 37/37 MP: 4/4
  2825 | D:3      | Found an ornate altar of the Wu Jian Council.
  3017 | D:4      | Noticed a scorpion
  3021 | D:4      | Killed a scorpion
  3021 | D:4      | Noticed a phantom
  3022 | D:4      | Reached skill level 1 in Dodging
  3022 | D:4      | Reached XP level 5. HP: 43/43 MP: 5/5
  3235 | D:4      | Identified the +3 mace of Enebruyg {spect, Dex+4}
  3246 | D:4      | Found a staircase to the Ecumenical Temple.
  3253 | Temple   | Entered the Ecumenical Temple
  3435 | Temple   | Became a worshipper of Gozag Ym Sagoz the Greedy
  3459 | D:4      | Noticed a phantom
  3461 | D:4      | Killed a phantom
  3462 | D:4      | Reached XP level 6. HP: 51/51 MP: 6/6
  3758 | D:4      | Found a hazy altar of Hepliaklqana.
  3888 | D:5      | Entered Level 5 of the Dungeon
  4150 | D:5      | Reached skill level 1 in Stealth
  4286 | D:5      | Gained mutation: You curl defensively after being hit. (AC
                  | +7*) [Palentonga growth]
  4286 | D:5      | Reached XP level 7. HP: 51/56 MP: 7/7
  4331 | D:5      | Reached skill level 5 in Maces & Flails
  4554 | D:5      | Found a glowing silver altar of Zin.
  4877 | D:6      | Reached XP level 8. HP: 64/65 MP: 8/8
  5648 | D:7      | Noticed Prince Ribbit
  5656 | D:7      | Killed Prince Ribbit
  5769 | D:7      | Noticed Pikel
  5793 | D:7      | Killed Pikel
  5794 | D:7      | Reached skill level 5 in Fighting
  5794 | D:7      | Reached skill level 5 in Armour
  5794 | D:7      | Reached XP level 9. HP: 56/72 MP: 9/9
  7265 | D:7      | Found a runed translucent door.
  7266 | D:7      | Noticed Crazy Yiuf
  7273 | D:7      | Killed Crazy Yiuf
  7366 | D:8      | Noticed a hellwing
  7375 | D:8      | Noticed a hellwing
  7380 | D:8      | Killed a hellwing
  7381 | D:8      | Reached XP level 10. HP: 80/81 MP: 10/10
  7859 | D:8      | Reached skill level 10 in Maces & Flails
  8386 | D:8      | Reached skill level 5 in Shields
  8613 | D:8      | Reached XP level 11. HP: 89/89 MP: 11/11
  8705 | D:9      | Found a stormy altar of Qazlal.
  8705 | D:9      | Found a snail-covered altar of Cheibriados.
  8705 | D:9      | Found a shadowy altar of Dithmenos.
  8819 | D:9      | Noticed Amaemon
  8855 | D:9      | Killed Amaemon
  9008 | D:9      | You fall into a shaft and drop 2 floors!
  9028 | D:11     | Noticed Fannar
  9031 | D:10     | Entered Level 10 of the Dungeon
  9031 | D:10     | Found a broken altar of Ashenzari.
  9248 | D:9      | Found a radiant altar of Vehumet.
  9660 | D:9      | Found a glowing golden altar of the Shining One.
 10405 | D:10     | Noticed Gastronok
 10694 | D:10     | Killed Gastronok
 11202 | D:11     | Killed Fannar
 11429 | D:11     | Paralysed by a hornet for 3 turns
 11906 | D:11     | Reached XP level 12. HP: 100/100 MP: 12/12
 12048 | D:11     | Noticed a boulder beetle
 12083 | D:11     | Killed a boulder beetle
 12203 | D:11     | Found a staircase to the Lair.
 12214 | D:11     | Noticed Erolcha
 12220 | D:11     | Killed Erolcha
 12879 | D:12     | Found Ruing's Retail Resort.
 13257 | D:12     | Reached skill level 5 in Dodging
 13263 | D:12     | Bought a potion of resistance for 120 gold pieces
 13391 | D:12     | Noticed Jorgrun
 13445 | D:12     | Killed Jorgrun
 13484 | D:12     | Identified the +8 flail "Tett" {speed, Will+ SInv}
 13496 | D:12     | Reached skill level 10 in Fighting
 14017 | D:12     | Found a staircase to the Orcish Mines.
 14942 | Lair:1   | Entered Level 1 of the Lair of Beasts
 14942 | Lair:1   | Noticed a five-headed hydra
 14948 | Lair:1   | Killed a five-headed hydra
 14962 | Lair:1   | Reached XP level 13. HP: 111/111 MP: 13/13
 18111 | Lair:3   | Found a staircase to the Snake Pit.
 18698 | Lair:3   | Reached skill level 10 in Armour
 19606 | Lair:4   | Reached XP level 14. HP: 60/121 MP: 14/14
 20167 | Lair:4   | Found a staircase to the Swamp.
 20623 | Lair:5   | Found an ornate altar of the Wu Jian Council.
 21219 | Lair:6   | Entered Level 6 of the Lair of Beasts
 21261 | Lair:6   | Reached skill level 15 in Maces & Flails
 21263 | Lair:6   | Found a runed translucent door.
 21263 | Lair:6   | Noticed zhov's ghost (journeyman FoFi)
 21565 | Lair:6   | Found a staircase to the Slime Pits.
 21565 | Lair:6   | Found a viscous altar of Jiyva.
 21579 | Lair:6   | Noticed Sonja
 21611 | Lair:6   | Killed Sonja
 22698 | Lair:6   | Reached skill level 5 in Stealth
 22995 | Lair:6   | Reached XP level 15. HP: 110/132 MP: 15/15
 23020 | Lair:6   | Identified the ring "Xidwog" {Fly rN+ Dex+10 Slay-6 Stlth-}
 23351 | Orc:1    | Entered Level 1 of the Orcish Mines
 23633 | Orc:2    | Entered Level 2 of the Orcish Mines
 23668 | Orc:2    | Found a staircase to the Elven Halls.
 23855 | Orc:1    | Noticed an orc warlord
 23962 | Orc:1    | Killed an orc warlord
 24144 | Orc:2    | Reached skill level 1 in Evocations
 24551 | Orc:1    | Noticed Snorg
 24563 | Orc:1    | Killed Snorg
 25085 | Orc:1    | Found Vuwkocr Baro's Magic Scroll Boutique.
 25097 | Orc:1    | Bought a scroll of acquirement for 780 gold pieces
 25097 | Orc:1    | Bought a scroll of teleportation for 45 gold pieces
 25097 | Orc:1    | Bought a scroll of teleportation for 45 gold pieces
 25097 | Orc:1    | Bought a scroll of identify for 30 gold pieces
 25097 | Orc:1    | Bought a scroll of blinking for 112 gold pieces
 25098 | Orc:1    | Acquired a +1 kite shield of positive energy
 25554 | Orc:2    | Found Eggeown's Antique Weapon Shop.
 25851 | Orc:2    | Found Xuef Cuo's Distillery.
 26026 | Orc:2    | Found Lunoq's General Store.
 26026 | Orc:2    | Found Paatid's Jewellery Emporium.
 26042 | Orc:2    | Bought a ring of protection from cold for 250 gold pieces
 26050 | Orc:2    | Bought a potion of lignification for 48 gold pieces
 26050 | Orc:2    | Bought a potion of mutation for 128 gold pieces
 26050 | Orc:2    | Bought 3 scrolls of immolation for 168 gold pieces
 26052 | Orc:2    | Bought a potion of lignification for 48 gold pieces
 26052 | Orc:2    | Bought a potion of curing for 48 gold pieces
 26052 | Orc:2    | Bought a potion of haste for 160 gold pieces
 26052 | Orc:2    | Bought a potion of heal wounds for 80 gold pieces
 26307 | D:13     | Found a broken altar of Ashenzari.
 26421 | D:13     | Noticed Lodul
 26441 | D:13     | Killed Lodul
 26621 | D:13     | Noticed Rupert
 26631 | D:13     | Killed Rupert
 27242 | D:14     | Noticed Louise
 27270 | D:14     | Found a stormy altar of Qazlal.
 27567 | D:14     | Killed Louise
 28353 | D:14     | Found a gate to the Vaults.
 28669 | Swamp:1  | Entered Level 1 of the Swamp
 29145 | Swamp:1  | Reached XP level 16. HP: 65/143 MP: 16/16
 30029 | Swamp:2  | Reached skill level 10 in Shields
 30068 | Swamp:2  | HP: 7/143 [spriggan rider/+0 vorpal spear (4)]
 30395 | Swamp:2  | Reached skill level 5 in Evocations
 30586 | Swamp:2  | Identified the +1 cloak of the Buccaneer {Rampage}
 31023 | Swamp:3  | Noticed Bai Suzhen
 31224 | Swamp:3  | Noticed a tentacled monstrosity
 31325 | Swamp:3  | Killed a tentacled monstrosity
 31656 | Swamp:3  | Killed Bai Suzhen
 32058 | Swamp:4  | Entered Level 4 of the Swamp
 32107 | Swamp:3  | Reached skill level 15 in Fighting
 33428 | Swamp:4  | Reached XP level 17. HP: 151/151 MP: 17/17
 33727 | Swamp:3  | Paralysed by a hornet for 3 turns
 33974 | Swamp:4  | Noticed Kirke
 33991 | Swamp:4  | Killed Kirke
 34377 | Swamp:4  | Got a decaying rune of Zot
 34667 | D:15     | Entered Level 15 of the Dungeon
 34667 | D:15     | Noticed Azrael
 35076 | D:15     | Killed Azrael
 35486 | D:15     | Found a staircase to the Depths.
 35825 | D:15     | Bought a pair of warped gloves for 247 gold pieces
 35825 | D:15     | Identified the +0 pair of gloves of Imperfection {Int+5}
                  | (You bought it in a shop on level 15 of the Dungeon)
 35825 | D:15     | Bought a crude plate armour for 728 gold pieces
 35825 | D:15     | Identified the +8 plate armour of Words of Power {rElec}
                  | (You bought it in a shop on level 15 of the Dungeon)
 35939 | Snake:1  | Entered Level 1 of the Snake Pit
 36497 | Snake:1  | Reached skill level 10 in Dodging
 37622 | Snake:2  | Found a burning altar of Makhleb.
 37805 | Snake:2  | Reached XP level 18. HP: 163/163 MP: 18/18
 38822 | Snake:3  | Noticed Aizul
 38843 | Snake:3  | Killed Aizul
 39601 | Snake:3  | Noticed Roxanne
 39866 | Snake:3  | Killed Roxanne
 40026 | Snake:4  | Entered Level 4 of the Snake Pit
 40472 | Snake:4  | Found Ysuhyak's Jewellery Boutique.
 40472 | Snake:4  | Found Tyskurul's Book Shoppe.
 40473 | Snake:4  | Found Cama's Book Shoppe.
 40526 | Snake:4  | Noticed Agnes
 40546 | Snake:4  | Killed Agnes
 41054 | Snake:4  | Noticed Mara
 41071 | Snake:4  | Noticed marklar909's illusion
 41082 | Snake:4  | Killed Mara
 41223 | Snake:4  | Identified the +0 kite shield of the Hidden Vale {rPois
                  | Str+3 Int-4}
 41223 | Snake:4  | Noticed Donald
 41243 | Snake:4  | Killed Donald
 41813 | Snake:4  | Got a serpentine rune of Zot
 42231 | D:15     | Bought a pair of glowing gloves for 307 gold pieces
 42239 | D:15     | Bought an ebony longbow for 356 gold pieces
 42239 | D:15     | Identified the +5 longbow of Indignation {venom, rElec
                  | Will+ Str+4} (You bought it in a shop on level 15 of the
                  | Dungeon)
 42311 | D:12     | Bought a manual of Ranged Weapons for 960 gold pieces
 42311 | D:12     | Bought an amulet of reflection for 360 gold pieces
 42456 | Elf:1    | Entered Level 1 of the Elven Halls
 42553 | Elf:1    | Noticed Zonian's ghost (adept VSNe)
 42558 | Elf:1    | Found a transporter.
 42619 | Elf:1    | Paralysed by an air elemental for 1 turns
 42633 | Elf:1    | Found a transporter.
 42790 | Elf:1    | Got the Volume of Conjuration
 42885 | Elf:1    | Found a crumbling gateway.
 42919 | Desolati | Entered the Desolation of Salt
 42971 | Desolati | Reached XP level 19. HP: 30/172 MP: 19/19
 43001 | Desolati | Identified the ring of the Final Decision {Drain rElec AC+4
                  | Slay+5 SInv}
 44653 | Desolati | Got the Collected Works on Conjuration and Evil
 44663 | Desolati | Identified the ring "Piesin" {*Corrode rN+ EV+4 Str+2
                  | Dex+3}
 44667 | Desolati | Identified the +0 chain mail "Ozxu" {rElec Regen+ Dex-5}
 45197 | Desolati | Identified the amulet of Nebufiwn {Acrobat rElec}
 45204 | Desolati | Got Sif Muna's Tome of Sinister Secrets and the Volcanoes
 45205 | Desolati | Identified the ring of Anoekewa {EV+4 Int+3}
 45300 | Desolati | Identified the +3 ring mail "Wicwoah" {Rampage rN+++ Dex+4
                  | Slay-2}
 45319 | Desolati | Identified the +1 whip of Obsession {vorpal, Drain *Slow
                  | rF+++ Str+2 Int+2}
 46098 | Elf:1    | You fall into a shaft and drop 1 floor!
 46185 | Elf:2    | Found a runed translucent gate.
 46186 | Elf:2    | Found a runed translucent gate.
 46188 | Elf:2    | Found a runed translucent gate.
 46294 | Elf:2    | Reached skill level 1 in Ranged Weapons
 46942 | Elf:1    | Found Xubao's Antique Weapon Emporium.
 47676 | Elf:3    | Entered Level 3 of the Elven Halls
 47875 | Elf:3    | Paralysed by an air elemental for 1 turns
 47975 | Elf:3    | Found Zeac's Antique Weapon Shoppe.
 49072 | Elf:3    | Identified the +10 spear of Vanity {freeze, Int+3}
 49126 | Elf:3    | Reached skill level 15 in Shields
 49150 | Elf:3    | Identified the +1 plate armour of Hubris {+Inv Regen+
                  | Str-2}
 49445 | Elf:3    | Noticed a Brimstone Fiend
 50034 | Elf:3    | Identified the +4 mace of Spite {pain, Will+ rCorr Dex+3}
 50373 | Elf:3    | Identified the +2 leather armour of Freezing Miracles {rC+}
 50774 | Elf:3    | Reached skill level 5 in Ranged Weapons
 50898 | Elf:3    | Killed from afar by a ghostly deep elf high priest

Illustrated notes

Levels and vault maps discovered:
D:1:      matt_arrival_spirals, layout_loops_ring,
          hellmonk_ecumenical_altar_crossroads, serial_shops, shop
D:2:      layout_loops_ring
D:3:      layout_loops_corners, nicolae_wu_jian_immortal_techniques
D:4:      layout_cave_pools, nzn_hepliaklqana_mist_gate, temple_green
D:5:      layout_basic, lemuel_doored_altar
D:6:      layout_gridville
D:7:      layout_loops_ring, uniq_pikel, uniq_prince_ribbit1,
          uniq_crazy_yiuf_cottage
D:8:      cheibrodos_grave_circle, layout_basic, minivault_25,
          minmay_joined_circles
D:9:      layout_roguey, marbit_many_paths,
          chequers_temple_overflow_statue_of_worship, uniq_amaemon
D:10:     layout_basic, mainiacjoe_overflow_small_starburst, uniq_gastronok
D:11:     layout_loops_ring, david_lair_generic, special_room
          [special_room_bee], fungi_pond_lemuel, uniq_erolcha, uniq_fannar
D:12:     layout_stronghold, orc_0_dummy, nicolae_alphabet_shops, uniq_jorgrun
D:13:     layout_loops_ring, ashenzari_conservatory_becter, uniq_rupert,
          uniq_lodul
D:14:     layout_rooms, david_vaults_5, nicolae_qazlal_scattered_showers,
          uniq_louise
D:15:     hangedman_depths_entry_civil_slaughter, layout_basic, uniq_azrael
Temple:   hellmonk_temple_forest_ring
Lair:1:   layout_regular_city, gauntlet_entry_generic, beast_lair_carwin_6
Lair:2:   layout_cave_pods, chequers_serial_rivers_micro_e
Lair:3:   layout_cave_pods, minmay_snake_entry_six_corridors
Lair:4:   layout_roguey, nicolae_swamp_entry_splash_gauntlet
Lair:5:   layout_misc_corridors, basic_altar, gammafunk_lair_bear_cave,
          infiniplex_staircase_pool, grunt_megastairs_1, serial_bayou_shore_b,
          lemuel_fruit_fields
Lair:6:   evilmike_catoblepas_cave, layout_concentric_octagons, slime_entry_1,
          hellmonk_ghost_happy_afterlife, lemuel_fruit_fields,
          infiniplex_staircase_pool_2, serial_bayou_shore_a, uniq_sonja
Swamp:1:  layout_basic_swamp, serial_swamp_ruin, evilmike_swamp_ruin_house_1,
          evilmike_swamp_ruin_wall, evilmike_swamp_ruin_house_2
Swamp:2:  layout_basic_swamp, nicolae_swamp_bean_lake
Swamp:3:  layout_basic_swamp, evilmike_swamp_ruin_house_3, uniq_bai_suzhen
Swamp:4:  swamp, layout_basic_swamp, swamp_pool2, uniq_kirke
Snake:1:  layout_grid_shapes, portal_ice_cave_entry_pillars_2,
          nicolae_snake_round_shape_thing, grunt_megastairs_5
Snake:2:  layout_concentric_octagons, basic_altar, grunt_ministairs_13
Snake:3:  layout_cave_town, grunt_megastairs_3, serial_bayou_shore_b,
          uniq_aizul, uniq_roxanne
Snake:4:  hellmonk_snake_rune_quicksilver_temple, layout_rooms,
          minmay_shop_grove, serial_bayou_shore_b, uniq_mara, uniq_agnes,
          uniq_donald
Orc:1:    nicolae_orc_accident_1, layout_diamond_mine, serial_shops,
          nicolae_shop_hallway_plus, hellmonk_guarded_unrand_dark_maul,
          uniq_snorg
Orc:2:    st_orc_elflike, layout_diamond_mine
Elf:1:    minmay_elf_arrival_circle, layout_geoelf_grid, serial_shops,
          nicolae_shop_temple_entry_statues_fountains,
          portal_desolation_entry_nicolae_nacl, gammafunk_ghost_arena,
          minmay_elf_annihilation
Elf:2:    elven_hall_of_blades_hangedman_original
          [nicolae_blade_entry_crossed_weapons], layout_loops_corners,
          minmay_crystal_room, minmay_checkered_concentric_circles,
          lemuel_upstairs_altar
Elf:3:    minmay_elf_hall_x, layout_gridlike, serial_shops, shop,
          grunt_megastairs_4

Skill      XL: |  1  2  3  4  5  6  7  8  9 10 11 12 13 14 15 16 17 18 19 |
---------------+----------------------------------------------------------+-----
Armour         | 3 4 5 6 7 8 9 10 11 12 | 12.7
Shields        | 3 4 5 6 8 9 11 12 14 15 | 15.1
Maces & Flails | 3 4 6 7 9 10 12 13 14 15 16 17 18 | 18.7
Dodging        | 1 2 3 4 5 6 7 9 10 | 10.7
Stealth        | 1 2 3 4 5 6 |  6.3
Fighting       | 4 5 6 7 8 10 11 13 14 15 16 17 18 | 18.3
Evocations     | 4 5 |  5.2
Ranged Weapons | 5 |  5.2

Action                   |  1- 3 |  4- 6 |  7- 9 | 10-12 | 13-15 | 16-18 | 19-21 || total
-------------------------+-------+-------+-------+-------+-------+-------+-------++-------
Melee: Flail             |   109 |    54 |       |    79 |  1693 |  2219 |   811 ||  4965
       Tailslap          |     8 |    13 |    35 |   124 |   350 |   434 |   181 ||  1145
       Mace              |       |    46 |   215 |   136 |       |       |       ||   397
       Demon whip        |       |       |       |   554 |       |       |       ||   554
Invok: Potion Petition   |       |       |       |     4 |     5 |     5 |       ||    14
       Call Merchant     |       |       |       |       |       |     4 |       ||     4
 Abil: Rolling Charge    |    17 |    21 |    33 |    49 |   130 |   144 |    22 ||   416
Evoke: Wand              |       |       |       |       |       |    25 |     2 ||    27
  Use: Scroll            |     5 |     4 |     5 |     9 |    10 |    19 |    11 ||    63
       Potion            |       |       |     7 |     8 |     7 |    22 |    15 ||    59
 Stab: Distracted        |       |       |     7 |     4 |     8 |    12 |     2 ||    33
       Invisible         |       |       |       |     3 |    10 |       |       ||    13
       Sleeping          |       |       |       |       |     1 |     3 |       ||     4
       Confused          |       |       |       |       |       |     1 |       ||     1
       Paralysed         |       |       |       |       |       |     1 |       ||     1
Armor: Scale mail        |    57 |    46 |    88 |   306 |   116 |       |       ||   613
       Swamp dragon scal |       |       |       |       |   443 |   923 |       ||  1366
       Plate armour      |       |       |       |       |       |   114 |   223 ||   337
       Skin              |       |       |       |       |       |     4 |       ||     4
Dodge: Dodged            |    36 |    17 |    55 |   199 |   299 |   605 |    65 ||  1276
Block: Buckler           |    23 |    25 |    30 |   112 |    62 |       |       ||   252
       Tower shield      |       |       |       |       |   376 |       |       ||   376
       Kite shield       |       |       |       |       |   206 |  1276 |   426 ||  1908
       Reflection        |       |       |       |       |       |     3 |    27 ||    30

Table legend: (Time is in decaauts)
 A = Elapsed time spent in this place.
 B = Non-inter-level travel time spent in this place.
 C = Inter-level travel time spent in this place.
 D = Time resting spent in this place.
 E = Time spent auto-exploring this place.
 F = Levels seen in this place.
 G = Mean time per level.
                   A        B        C        D        E       F      G
               +--------+--------+--------+--------+--------+-----+--------+
         Total |  49008 |  43763 |   5245 |   8543 |  24969 |  36 | 1361.3 |
       Dungeon |  18559 |  16429 |   2130 |   2703 |  10712 |  15 | 1237.3 |
        Temple |    197 |    143 |     54 |      0 |    133 |   1 |  197.0 |
          Lair |   8736 |   8087 |    649 |    850 |   5717 |   6 | 1456.0 |
         Swamp |   5647 |   4996 |    651 |   1450 |   1994 |   4 | 1411.8 |
     Snake Pit |   5433 |   4892 |    541 |    669 |   2713 |   4 | 1358.2 |
  Orcish Mines |   2816 |   2173 |    643 |    135 |   1143 |   2 | 1408.0 |
   Elven Halls |   5151 |   4576 |    575 |   1543 |   2102 |   3 | 1717.0 |
    Desolation |   2466 |   2466 |      0 |   1190 |    453 |   1 | 2466.0 |
               +--------+--------+--------+--------+--------+-----+--------+

Top non-repeatable levels by time:
   Elf:3: 2720 daAuts
Desolation: 2466 daAuts
    D:12: 2166 daAuts
  Lair:3: 2004 daAuts
 Swamp:3: 1906 daAuts
    D:11: 1823 daAuts
  Lair:6: 1657 daAuts
 Snake:3: 1637 daAuts
 Snake:4: 1611 daAuts
   Elf:2: 1590 daAuts
  Lair:2: 1579 daAuts
     D:7: 1561 daAuts
   Orc:1: 1531 daAuts
 Swamp:2: 1421 daAuts
  Lair:4: 1394 daAuts
